 Dungeon Crawl Stone Soup version 0.31-a0-360-gb3e1d13bf4 (webtiles) character file.

Game seed: 15828776402578835697

344 LeprechaunX the Ruffian (level 6, -2/41 HPs)
             Began as an Octopode Shapeshifter on July 26, 2023.
             Slain by an iguana (9 damage)
             ... on level 4 of the Dungeon.
             The game lasted 00:02:23 (2522 turns).

LeprechaunX the Ruffian (Octopode Shapeshifter)     Turns: 2522, Time: 00:02:24

Health: -2/41      AC:  1    Str: 16    XL:     6   Next: 58%
Magic:  6/6        EV: 13    Int: 11    God:
Gold:   175        SH:  0    Dex: 12    Spells: 5/5 levels left

rFire   . .          .
                       - Unarmed
rCold   . . .        (no shield)
rNeg    . . .        (helmet currently unavailable)
rPois   .            (no amulet)
rElec   .            (no ring)
rCorr   .            (no ring)
SInv    .            (no ring)
Will    .....        (no ring)
Stlth   ++           (no ring)
HPRegen 0.26/turn    (no ring)
MPRegen 0.10/turn    (no ring)
                     (no ring)

%: no passive effects
@: beast-form
A: beast (slay +2), almost no armour, amphibious, 8 rings, camouflage 1,
gelatinous body 1, (nimble swimmer 1), tentacles
a: Begin Untransformation


You were on level 4 of the Dungeon.
You were a hulking beast.
You visited 1 branch of the dungeon, and saw 4 of its levels.

You collected 175 gold pieces.

Inventory:

Missiles
 e - 4 silver boomerangs (quivered)
Talismans
 b - a beast talisman
Scrolls
 d - a scroll of fog {unknown}
 f - 2 scrolls of identify {unknown}
 h - a scroll of brand weapon {unknown}
 i - a scroll of poison {unknown}
 k - a scroll of vulnerability {unknown}
 l - a scroll of noise {unknown}
 n - a scroll of teleportation {unknown}
 o - a scroll of amnesia {unknown}
Potions
 a - a potion of lignification
 c - a potion of curing {unknown}
 g - a potion of degeneration {unknown}
 j - 2 potions of brilliance {unknown}
 m - a potion of might {unknown}
 p - a potion of mutation {unknown}


   Skills:
 + Level 2.6 Fighting
 + Level 2.3 Throwing
 + Level 3.1 Dodging
 * Level 4.8 Unarmed Combat
 + Level 3.7 Shapeshifting


You had 5 spell levels left.
You didn't know any spells.
Your spell library contained the following spells:

 Spells                   Type           Power      Damage    Failure   Level
 Shock                    Conj/Air       0%         1d3       34%         1
 Inner Flame              Hex/Fire       0%         N/A       71%         3
 Swiftness                Air            0%         N/A       71%         3
 Airstrike                Air            0%         2d(0-16)  98%         4
 Flame Wave               Conj/Fire      0%         2d4       98%         4
 Sticky Flame             Conj/Fire      0%         2d3       98%         4


Dungeon Overview and Level Annotations

Branches:
Dungeon (4/15)
 Temple: D:4-7

Altars:
Ru


Innate Abilities, Weirdness & Mutations

You are a hulking beast.
Your limbs bulge with bestial killing power. (Slay +2)
You cannot wear most types of armour.
You are amphibious.
You can wear up to eight rings at the same time.
Your skin changes colour to match your surroundings (Stealth+).
Your rubbery body absorbs attacks. (AC +1, EV +1)
((You are camouflaged when in or above water. (Stealth+)))
You have tentacles for arms and can constrict up to eight enemies at once.


Message History

You constrict the iguana.
An iguana comes into view.
The iguana bites you!
The iguana hisses angrily.
You tentacle-slap the iguana.
The iguana is almost dead.
You constrict the iguana.
You kill the iguana!
The helpless adder fails to defend itself.
You tentacle-slap the adder but do no damage.
Your grab misses the adder.
Your tentacle-slap misses the adder.
The adder closely misses you.
You barely miss the adder. Your grab misses the adder.
Your squeeze misses the adder. The adder completely misses you.
You closely miss the adder. Your grab misses the adder.
You squeeze the adder, but do no damage.
The adder bites you.
You closely miss the adder. You grab the adder. You constrict the adder.
The adder bites you but does no damage. The adder bites you.
You are too injured to fight recklessly!
You are too injured to fight recklessly!
You are too injured to fight recklessly!
You bludgeon the adder!
You kill the adder!
Unknown command.
You tentacle-slap the endoplasm.
Your tentacle-slap misses the endoplasm.
You squeeze the endoplasm.
You kill the endoplasm!
Unknown command.
You closely miss the iguana. You grab the iguana.
You constrict the iguana, but do no damage.
The iguana hisses menacingly.
The iguana bites you!
* * * LOW HITPOINT WARNING * * *
Unknown command.
You tentacle-slap the iguana.
The iguana is lightly wounded.
You constrict the iguana. The iguana bites you!
You die...

#......# #..#...#
.. #......# ..l
#......# ##..##
#.....###. ......
###.........
#..#.##....†....#.
##..#.....lh.......
..............#..#.
.#........#...#
..>...........#
#............#.
##.............
#.........####.
....##.#.........
....+..?..######


You could see an iguana.

Vanquished Creatures
  A black bear (D:4)
  A scorpion (D:4)
  An orc priest (D:3)
  An iguana (D:4)
  An orc wizard (D:3)
  5 adders
  A white imp (D:4)
  2 worms
  A dart slug (D:2)
  7 orcs (D:3)
  5 endoplasms
  3 giant cockroaches
  2 hobgoblins
  2 quokkas (D:1)
  3 ball pythons
  4 bats
  2 frilled lizards
  7 goblins
  A kobold (D:1)
  7 rats
57 creatures vanquished.

Notes
Turn   | Place    | Note
-------+----------+-------------------------------------------
     0 | D:1      | LeprechaunX the Octopode Shapeshifter began the quest for
                  | the Orb.
     0 | D:1      | Reached XP level 1. HP: 13/13 MP: 1/1
   226 | D:1      | Reached XP level 2. HP: 18/18 MP: 2/2
   883 | D:2      | Reached XP level 3. HP: 16/23 MP: 3/3
  1102 | D:2      | Reached skill level 1 in Throwing
  1187 | D:2      | Reached XP level 4. HP: 24/29 MP: 4/4
  2020 | D:3      | Reached skill level 4 in Unarmed Combat
  2116 | D:3      | Found a sacrificial altar of Ru.
  2253 | D:3      | Reached XP level 5. HP: 30/34 MP: 5/5
  2370 | D:4      | Noticed a black bear
  2381 | D:4      | Killed a black bear
  2382 | D:4      | Reached XP level 6. HP: 29/41 MP: 6/6
  2522 | D:4      | Slain by an iguana

Illustrated notes

Levels and vault maps discovered:
D:1:      dpeg_arrival_erosion, layout_loops_ring
D:2:      layout_basic, kennysheep_flooded_box
D:3:      layout_loops_ring, hangedman_ru_absence
D:4:      layout_basic, grunt_dithmenos_smoke, uniq_robin, uniq_ijyb,
          uniq_blork_the_orc, uniq_menkaure

Skill      XL: |  1  2  3  4  5 |
---------------+----------------+-----
Throwing       | 1 2 |  2.3
Fighting       | 2 |  2.6
Unarmed Combat | 4 |  4.8
Dodging        | 3 |  3.1
Shapeshifting  | |  3.7

Action                     |  1- 3 |  4- 6 || total
---------------------------+-------+-------++-------
  Melee: Unarmed           |    58 |    62 ||   120
         Tentacles         |     9 |    13 ||    22
         Constrict         |    14 |    15 ||    29
         Punch             |     2 |     5 ||     7
  Throw: Boomerang         |     2 |       ||     2
    Use: Potion            |       |     1 ||     1
   Stab: Sleeping          |     6 |     5 ||    11
 Armour: Skin              |     2 |    14 ||    16
  Dodge: Dodged            |    30 |    31 ||    61

Table legend: (Time is in decaauts)
 A = Elapsed time spent in this place.
 B = Non-inter-level travel time spent in this place.
 C = Inter-level travel time spent in this place.
 D = Time resting spent in this place.
 E = Time spent auto-exploring this place.
 F = Levels seen in this place.
 G = Mean time per level.
                   A        B        C        D        E       F      G
               +--------+--------+--------+--------+--------+-----+--------+
         Total |   2513 |   2392 |    121 |     87 |   1982 |   4 |  628.2 |
       Dungeon |   2513 |   2392 |    121 |     87 |   1982 |   4 |  628.2 |
               +--------+--------+--------+--------+--------+-----+--------+

Top non-repeatable levels by time:
     D:2: 819 daAuts
     D:1: 802 daAuts
     D:3: 720 daAuts
     D:4: 171 daAuts
